 Dungeon Crawl Stone Soup version 0.26.1-11-gd32895ea62 (webtiles) character file.

Game seed: 15500789081011602083

119 dtburroughs the Chopper (level 4, -3/61 HPs)
             Began as a Minotaur Berserker on July 17, 2021.
             Was a Believer of Trog.
             Slain by Duvessa
             ... wielding a +0 short sword
              (7 damage)
             ... on level 3 of the Dungeon.
             The game lasted 00:03:09 (2996 turns).

dtburroughs the Chopper (Minotaur Berserker)        Turns: 2996, Time: 00:03:10

Health: -3/61      AC:  5    Str: 21    XL:     4   Next: 74%
Magic:  3/3        EV: 12    Int:  5    God:    Trog [**....]
Gold:   182        SH:  0    Dex: 10    Spells: 3/3 levels left

rFire    . . .     SeeInvis .   a - +0 hand axe
rCold    . . .     Faith    .   (no shield)
rNeg     . . .     Spirit   .   l - +0 ring mail (curse)
rPois    .         Reflect  .   (helmet restricted)
rElec    .         Harm     .   (no cloak)
rCorr    .         Rampage  .   (no gloves)
Will     .....                  (no boots)
Stlth    ..........             (no amulet)
HPRegen  0.20/turn              (no ring)
MPRegen  0.08/turn              (no ring)

@: berserking, very quick
A: retaliatory headbutt, horns 2
a: Renounce Religion, Berserk, Trog's Hand


You were on level 3 of the Dungeon.
You worshipped Trog.
Trog was pleased with you.
You visited 1 branch of the dungeon, and saw 4 of its levels.

You collected 182 gold pieces.

Inventory:

Hand Weapons
 a - a +0 hand axe (weapon)
Armour
 b - a +0 animal skin
 l - a cursed +0 ring mail (worn)
Jewellery
 c - a +6 ring of intelligence {unknown}
Scrolls
 d - a scroll of magic mapping {unknown}
 f - 6 scrolls of identify {unknown}
 h - 2 scrolls of fog {unknown}
 i - a scroll of blinking {unknown}
 k - a scroll of noise {unknown}
 m - a scroll of enchant armour {unknown}
 q - a scroll of teleportation {unknown}
 r - a scroll of amnesia {unknown}
Potions
 e - 3 potions of curing {unknown}
 g - a potion of cancellation {unknown}
 j - a potion of degeneration {unknown}
 n - a potion of brilliance {unknown}
 o - 2 potions of magic {unknown}
 p - a potion of attraction {unknown}


   Skills:
 + Level 4.5 Fighting
 + Level 4.6 Axes
 + Level 3.6 Armour
 + Level 3.3 Dodging


You had 3 spell levels left.
You didn't know any spells.
Your spell library was empty.

Dungeon Overview and Level Annotations

Branches:
Dungeon (4/15)
 Temple: D:4-7

Altars:
Ashenzari
Okawaru
Wu Jian

Annotations:
D:3 Dowan, Duvessa


Innate Abilities, Weirdness & Mutations

You reflexively headbutt those who attack you in melee.
You have a pair of horns on your head.


Message History

Dowan casts a spell at you. The puff of flame hits you!
You hit Duvessa. Your headbutt misses Duvessa.
Duvessa is lightly wounded.
Duvessa hits you but does no damage. Duvessa hits you with a +0 short sword!
* * * LOW HITPOINT WARNING * * *
A red film seems to cover your vision as you go berserk!
You feel yourself moving faster!
You feel mighty! Duvessa hits you with a +0 short sword.
* * * LOW HITPOINT WARNING * * *
Dowan hits you but does no damage.
You hit Duvessa.
Duvessa is moderately wounded.
You hit Dowan. Duvessa hits you with a +0 short sword.
* * * LOW HITPOINT WARNING * * *
Dowan hits you but does no damage.
You closely miss Duvessa.
Duvessa is moderately wounded.
You hit Dowan. Duvessa hits you with a +0 short sword!
You die...

#############
...##.......#
##..........######
...............e@#
##..#.......####e#
##..#.......####.#
....#.###.#......#
......###.#.#######
..........#.......########
..###.###########........#
..# #.........# #..#####.#
#####.........# #......#.#


You could see Duvessa (fast) and Dowan.

Vanquished Creatures
  An orc wizard (D:3)
  3 adders
  An ooze (D:1)
  A worm (D:2)
  3 dart slugs
  3 leopard geckos
  2 orcs (D:3)
  5 bats
  7 goblins
  3 hobgoblins
  A quokka (D:2)
  5 frilled lizards
  6 kobolds
  6 rats
47 creatures vanquished.

Notes
Turn   | Place    | Note
-------+----------+-------------------------------------------
     0 | D:1      | dtburroughs the Minotaur Berserker began the quest for the
                  | Orb.
     0 | D:1      | Reached XP level 1. HP: 19/19 MP: 0/0
   330 | D:1      | Reached XP level 2. HP: 27/27 MP: 1/1
   939 | D:2      | Reached XP level 3. HP: 33/33 MP: 2/2
  1072 | D:2      | Found an ornate altar of the Wu Jian Council.
  1738 | D:2      | Reached ** piety under Trog
  2155 | D:3      | Found an iron altar of Okawaru.
  2164 | D:3      | Found a broken altar of Ashenzari.
  2327 | D:3      | Reached XP level 4. HP: 40/40 MP: 3/3
  2905 | D:4      | Noticed Duvessa
  2905 | D:4      | Noticed Dowan
  2996 | D:3      | Slain by Duvessa

Illustrated notes

Levels and vault maps discovered:
D:1:      lemuel_arrival_broad_hall, layout_loops_ring
D:2:      layout_loops_corners, nzn_wu_jian_contemplation
D:3:      layout_basic, grunt_temple_overflow_open
D:4:      layout_rooms, lemuel_crystal_altar, uniq_crazy_yiuf_cottage,
          uniq_duvessa

Skill      XL: |  1  2  3 |
---------------+----------+-----
Fighting       | 4 |  4.5
Axes           | 4 |  4.6
Armour         | 3 |  3.6
Dodging        | 3 |  3.3

Action                   |  1- 3 |  4- 6 || total
-------------------------+-------+-------++-------
Melee: Hand axe          |    80 |    23 ||   103
       Headbutt          |    15 |     1 ||    16
Invok: Berserk           |       |     1 ||     1
Armor: Animal skin       |    14 |       ||    14
       Ring mail         |     3 |    13 ||    16
Dodge: Dodged            |    70 |     9 ||    79
